 Dungeon Crawl Stone Soup version 0.30-a0-802-gb92711bcdf (webtiles) character file.

Game seed: 15119821677996584032

851 demibob the Carver (level 7, 0/57 HPs)
             Began as a Minotaur Fighter on Feb 24, 2023.
             Slain by a large slime creature (24 damage)
             ... on level 5 of the Dungeon.
             The game lasted 00:04:05 (3698 turns).

demibob the Carver (Minotaur Fighter)               Turns: 3698, Time: 00:04:06

Health: 0/57       AC:  9    Str: 20    XL:     7   Next: 69%
Magic:  6/6        EV:  9    Int:  5    God:
Gold:   307        SH:  0    Dex: 12    Spells: 6/6 levels left

rFire   . . .      SeeInvis .    n - +3 scimitar (heavy)
rCold   + . .      Faith    .    (no shield)
rNeg    + . .      Spirit   .    b - +1 scale mail
rPois   .          Reflect  .    (helmet restricted)
rElec   .          Harm     .    i - +2 cloak
rCorr   .          Rampage  .    (no gloves)
Will    .....                    h - +1 pair of boots Stlth
                                 (no amulet)
HPRegen 0.29/turn                C - ring of protection from cold
MPRegen 0.10/turn                N - ring of positive energy

@: corroded
A: horns 2, retaliatory headbutt
a: no special abilities


You were on level 5 of the Dungeon.
You visited 1 branch of the dungeon, and saw 5 of its levels.

You collected 307 gold pieces.


Innate Abilities, Weirdness & Mutations

You have a pair of horns on your head.
You reflexively headbutt those who attack you in melee.


   Skills:
 - Level 3.6 Fighting
 + Level 10.7 Long Blades
 - Level 3.6 Armour
 - Level 3.6 Shields


You had 6 spell levels left.
You didn't know any spells.
Your spell library contained the following spells:

 Spells                   Type           Power      Damage    Failure   Level
 Blink                    Tloc           0%         N/A       92%         2
 Ensorcelled Hibernation  Hex/Ice        0%         N/A       92%         2
 Lesser Beckoning         Tloc           0%         N/A       92%         2
 Momentum Strike          Conj/Tloc      0%         3d8       92%         2
 Passwall                 Tmut/Erth      0%         N/A       92%         2
 Static Discharge         Conj/Air       0%         2-2/arc   92%         2
 Swiftness                Air            0%         N/A       99%         3
 Vhi's Electric Charge    Tloc/Air       0%         N/A       99%         3
 Arcjolt                  Conj/Air       0%         1d10      100%        5
 Lightning Bolt           Conj/Air       0%         1d11      100%        5

Inventory:

Hand Weapons
 a - a +0 long sword
 n - a +3 heavy scimitar (weapon)
Missiles
 g - a throwing net {=f}
Armour
 b - a +1 scale mail (worn)
 h - a +1 pair of boots (worn)
 i - a +2 cloak (worn)
Jewellery
 C - a ring of protection from cold (left hand)
 N - a ring of positive energy (right hand)
Wands
 p - a wand of iceblast (4)
Scrolls
 c - a scroll of butterflies
 e - 7 scrolls of identify {@r1}
 l - a scroll of enchant armour
 o - a scroll of brand weapon {unknown}
 s - a scroll of silence {unknown}
Potions
 d - 3 potions of brilliance
 f - a potion of attraction {unknown}
 j - a potion of degeneration
 k - 2 potions of berserk rage {unknown}
 m - a potion of invisibility {unknown}
 q - a potion of haste {unknown}
 r - a potion of curing {@q1}

Dungeon Overview and Level Annotations

Branches:
Dungeon (5/15)             Temple (0/1) D:5

Altars:
Hepliaklqana

##.##..##############.>...#...###
##.##..# ### #######...###
.......##).....##.####### #...#..
.......##......#.#.#....###...#..
.......##......#.#.#.....##...#..
.......##.÷.JJJ#.#'#......'...#..
.########÷.J...#)#.......)))..###
## #.....J#.#.......)'...###
#.÷..J.#@#.......##....#.
#÷P÷..JJ##......####...#.
#....÷J########## #...#. ########
#...#. #...#P #.##▒▒ #..P▒.
##.... ##P▒.


You could see a large slime creature, a jelly and an endoplasm.


Message History

Found a bat skeleton, a hobgoblin skeleton and a rat skeleton. 4 endoplasms, 2 slime creatures and 3 jellies come into view.
Found a bat skeleton, a hobgoblin skeleton, a rat skeleton and a lajatang.
The jelly quivers.
The slime creature quivers.
The endoplasm quivers. x2
The slime creature quivers.
The jelly quivers.
The endoplasm jiggles.
Unknown command.
The slime creature attacks as you move away!
The slime creature hits you! The jelly hits you. The acid corrodes you!
You are splashed with acid!
The endoplasm hits the fungus.
The fungus begins to die.
You hit the jelly.
Your hands burn!
The jelly is moderately wounded.
The jelly closely misses you.
Something hits the fungus.
The fungus begins to die.
You slice the jelly!!
You kill the jelly!
A nearby fungus withers and dies.
Something hits the fungus.
You slash the endoplasm!
You kill the endoplasm!
You barely miss the slime creature.
A nearby fungus withers and dies.
Two slime creatures merge to form a large slime creature.
You slice the large slime creature!!
The large slime creature is moderately wounded.
The large slime creature hits you!
* * * LOW HITPOINT WARNING * * *
You slash the large slime creature!
The large slime creature is moderately wounded.
The large slime creature hits you!!
You die...

Skill      XL: |  1  2  3  4  5  6  7 |
---------------+----------------------+-----
Long Blades    | 3 4 5 6 7 9 10 | 10.7
Fighting       | |  3.6
Armour         | |  3.6
Shields        | |  3.6

Action                     |  1- 3 |  4- 6 |  7- 9 || total
---------------------------+-------+-------+-------++-------
  Melee: Long sword        |    68 |    77 |       ||   145
         Headbutt          |     8 |    15 |     3 ||    26
         Punch             |       |     1 |       ||     1
         Scimitar          |       |    39 |    29 ||    68
    Use: Potion            |     4 |     1 |       ||     5
         Scroll            |       |     7 |       ||     7
 Armour: Scale mail        |    37 |    79 |    28 ||   144
  Dodge: Dodged            |    32 |    64 |    14 ||   110

Levels and vault maps discovered:
D:1:      dpeg_arrival_stone_temple_mockup, layout_rooms, serial_bayou_crossing
D:2:      layout_basic, wad_floor_pattern_untrapped, uniq_natasha
D:3:      minmay_skewed_foursquare, layout_basic,
          dreamdust_ecumenical_altar_angels_and_demons,
          kennysheep_generic_room_5
D:4:      layout_rooms
D:5:      cheibrodos_fertilizer, layout_gridville, zin_statuary,
          worldfamousw_hep_ancestral_shrine, minmay_temple_entry_gardened_gates,
          uniq_blork_the_orc

Notes
Turn   | Place    | Note
-------+----------+-------------------------------------------
     0 | D:1      | demibob the Minotaur Fighter began the quest for the Orb.
     0 | D:1      | Reached XP level 1. HP: 19/19 MP: 0/0
    86 | D:1      | Reached skill level 3 in Long Blades
   132 | D:1      | Reached XP level 2. HP: 15/26 MP: 1/1
   578 | D:2      | You fall into a shaft and drop 2 floors!
   675 | D:3      | Found a faded altar of an unknown god.
   808 | D:3      | Reached skill level 4 in Long Blades
   950 | D:3      | Reached XP level 3. HP: 21/21 MP: 2/2
  1068 | D:3      | Noticed a scorpion
  1075 | D:3      | Killed a scorpion
  1076 | D:3      | Reached skill level 5 in Long Blades
  1076 | D:3      | Reached XP level 4. HP: 22/39 MP: 3/3
  1273 | D:3      | Reached skill level 6 in Long Blades
  1920 | D:2      | Reached XP level 5. HP: 29/45 MP: 4/4
  2902 | D:4      | Identified a scroll of acquirement
  2902 | D:4      | Acquired a +3 heavy scimitar
  2928 | D:5      | Entered Level 5 of the Dungeon
  2986 | D:5      | Reached skill level 7 in Long Blades
  3082 | D:5      | Reached XP level 6. HP: 51/51 MP: 5/5
  3108 | D:5      | Reached skill level 8 in Long Blades
  3149 | D:5      | Found a hazy altar of Hepliaklqana.
  3225 | D:5      | Noticed Blork the orc
  3238 | D:5      | Killed Blork the orc
  3239 | D:5      | Reached skill level 9 in Long Blades
  3386 | D:5      | Reached XP level 7. HP: 54/57 MP: 6/6
  3454 | D:5      | Found a staircase to the Ecumenical Temple.
  3489 | D:5      | Reached skill level 10 in Long Blades
  3689 | D:5      | Noticed a slime creature
  3689 | D:5      | Noticed a slime creature
  3698 | D:5      | Slain by a large slime creature

Vanquished Creatures
  Blork the orc (D:5)
  3 kobold brigands (D:5)
  A necrophage (D:5)
  2 scorpions
  2 jellies (D:5)
  2 orc priests (D:5)
  An iguana (D:5)
  3 orc wizards (D:5)
  3 gnolls
  5 adders
  A white imp (D:5)
  2 worms
  3 dart slugs
  16 orcs
  4 endoplasms
  2 giant cockroaches
  5 goblins
  3 hobgoblins
  10 kobolds
  3 quokkas
  6 ball pythons
  7 bats
  2 frilled lizards
  6 rats
93 creatures vanquished.

Vanquished Creatures (others)
  10 fungi (D:5)
  3 toadstools (D:5)
13 creatures vanquished.

Grand Total: 106 creatures vanquished

Table legend: (Time is in decaauts)
 A = Elapsed time spent in this place.
 B = Non-inter-level travel time spent in this place.
 C = Inter-level travel time spent in this place.
 D = Time resting spent in this place.
 E = Time spent auto-exploring this place.
 F = Levels seen in this place.
 G = Mean time per level.
                   A        B        C        D        E       F      G
               +--------+--------+--------+--------+--------+-----+--------+
         Total |   3752 |   3598 |    154 |    219 |   2758 |   5 |  750.4 |
       Dungeon |   3752 |   3598 |    154 |    219 |   2758 |   5 |  750.4 |
               +--------+--------+--------+--------+--------+-----+--------+

Top non-repeatable levels by time:
     D:3: 1325 daAuts
     D:5: 796 daAuts
     D:2: 726 daAuts
     D:1: 507 daAuts
     D:4: 397 daAuts

Table legend:
 A = Non-vault XP
 B = Vault XP
 C = Vault XP percentage of total XP
 D = Non-vault monster count
 E = Vault monster count
 F = Vault count percentage of total count
                 A         B        C        D         E       F
            +---------+---------+-------+---------+---------+-------
      Total |     637 |     580 |  47.7 |      74 |      19 |  20.4
            +---------+---------+-------+---------+---------+-------
        D:1 |      20 |       0 |   0.0 |      13 |       0 |   0.0
        D:2 |      37 |       0 |   0.0 |      13 |       0 |   0.0
        D:3 |      88 |      89 |  50.3 |      19 |       7 |  26.9
        D:4 |      26 |       0 |   0.0 |       5 |       0 |   0.0
        D:5 |     466 |     491 |  51.3 |      24 |      12 |  33.3
            +---------+---------+-------+---------+---------+-------
